 Dungeon Crawl Stone Soup version 0.30.0-10-gfe55d96785 (webtiles) character file.

Game seed: 7116909448364422411

1015 adizb the Slasher (level 8, -15/72 HPs)
             Began as a Tengu Fighter on May 16, 2023.
             Killed from afar by Maggie (20 damage)
             ... with a bolt of fire
             ... on level 6 of the Dungeon.
             The game lasted 00:16:33 (3953 turns).

adizb the Slasher (Tengu Fighter)                   Turns: 3953, Time: 00:16:35

Health: -15/72     AC: 24    Str: 23    XL:     8   Next: 21%
Magic:  9/9        EV:  2    Int:  4    God:
Gold:   281        SH: 24    Dex: 16    Spells: 7/7 levels left

rFire   . . .        a - +0 long sword
rCold   . . .        o - +10 tower shield of Ignorance {rN+ Int-4}
rNeg    + . .        b - melded +0 scale mail
rPois   +            (helmet currently unavailable)
rElec   .            (cloak currently unavailable)
rCorr   .            p - melded +0 pair of gloves
SInv    .            (boots unavailable)
Will    .....        (no amulet)
Stlth   +            w - +6 ring of strength
HPRegen 0.32/turn    (no ring)
MPRegen 0.11/turn

%: no passive effects
@: tree-form, mesmerised
A: stationary, stasis, torment immunity, boosted hp, (beak), (talons 3), nimble
flight
a: no special abilities


You were on level 6 of the Dungeon.
You were a tree.
You visited 1 branch of the dungeon, and saw 6 of its levels.

You collected 281 gold pieces.

Inventory:

Hand Weapons
 a - a +0 long sword (weapon)
Missiles
 n - 2 curare-tipped darts (quivered)
 r - 11 poisoned darts
 s - 2 throwing nets
Armour
 b - a +0 scale mail (melded)
 o - the +10 tower shield of Ignorance (worn) {rN+ Int-4}
   (You acquired it on level 5 of the Dungeon)

   Int:       It affects your intelligence (-4).
   rN:        It protects you from negative energy.
 p - a +0 pair of gloves (melded)
Jewellery
 v - a ring of magical power
 w - a +6 ring of strength (left branch)
Wands
 u - a wand of flame (23)
Scrolls
 e - a scroll of enchant weapon {unknown}
 f - a scroll of fog {unknown}
 g - a scroll of vulnerability {unknown}
 h - 2 scrolls of poison
 i - 5 scrolls of teleportation
 q - 2 scrolls of noise {unknown}
Potions
 d - a potion of might
 j - 3 potions of curing {unknown}
 l - 2 potions of brilliance {unknown}
 m - 2 potions of mutation {unknown}
 t - a potion of attraction {unknown}


   Skills:
 + Level 4.6 Fighting
 + Level 5.6 Long Blades
 + Level 5.2 Armour
 + Level 3.8 Dodging
 * Level 5.5 Shields


You had 7 spell levels left.
You didn't know any spells.
Your spell library contained the following spells:

 Spells                   Type           Power      Damage    Failure   Level
 Inner Flame              Hex/Fire       0%         N/A       100%        3
 Vhi's Electric Charge    Tloc/Air       0%         N/A       100%        3
 Flame Wave               Conj/Fire      0%         2d4       100%        4
 Sticky Flame             Conj/Fire      0%         2d3       100%        4
 Arcjolt                  Conj/Air       0%         1d10      100%        5
 Plasma Beam              Fire/Air       0%         2x1d11    100%        6


Dungeon Overview and Level Annotations

Branches:
Dungeon (6/15)
 Temple: D:4-7

Altars:
Gozag
Makhleb
Okawaru
Trog
Uskayaw
Yredelemnul

Shops:
D:1 (

Annotations:
D:6 Maggie


Innate Abilities, Weirdness & Mutations

You are a tree.
Your roots penetrate the ground, keeping you stationary.
You cannot be teleported.
You are immune to unholy pain and torment.
Your maximum health is greatly increased.
Your equipment is partially melded.
((You have a beak for a mouth.))
((You have claws for feet.))
Your magical nature lets you fly swiftly and evasively.


Message History

Maggie is heavily wounded.
Maggie gestures wildly while chanting.
Maggie attempts to bespell you! You resist with almost no effort.
You hit Maggie. You claw Maggie. Your peck misses Maggie.
Maggie is heavily wounded.
Maggie mumbles some strange words.
Maggie attempts to bespell you!
You are mesmerised by Maggie!
You block Maggie's attack.
You barely miss Maggie. Your kick misses Maggie.
Maggie is heavily wounded.
Maggie gives herself a magical halo, but it quickly sputters out.
Maggie casts a spell at you. The bolt of fire hits you!
You completely miss Maggie. Your kick misses Maggie.
Maggie is heavily wounded.
You block Maggie's attack.
Maggie hits you with a +1 war axe of pain.
You writhe in agony.
You hit Maggie. You claw Maggie. You peck Maggie, but do no damage.
Maggie is severely wounded.
You block Maggie's attack.
You hit Maggie. Your kick misses Maggie. Your peck misses Maggie.
Maggie is severely wounded.
Maggie gestures at you while chanting. The bolt of fire hits you!!
* * * LOW HITPOINT WARNING * * *
You slash Maggie!
Maggie is almost dead.
Maggie hits you with a +1 war axe of pain.
* * * LOW HITPOINT WARNING * * *
You block Maggie's attack.
Really quaff the potion of lignification?
You turn into a tree.
Your +0 pair of gloves melds into your body.
Your +0 scale mail melds into your body.
Your roots penetrate the ground.
Maggie points at you and mumbles some strange words.
The bolt of fire hits you!!
You die...

#........(.#...##.
##..........##.....
##...........#......
#..##......#........
#..........#.....#..
##....#..........#.
#.#..#...#..# . .
####.......## .##..
##.....♣####.....
#....†@#........
#...............
###..#.........#
#####...##..## ###.#
. .# .. ..#


You could see Maggie (mesmerising).

Vanquished Creatures
  A steam dragon (D:4)
  A black bear (D:5)
  An ice beast (D:5)
  A centaur (D:6)
  A phantom (D:5)
  A scorpion (D:5)
  A hound (D:5)
  2 sleepcaps (D:4)
  Natasha (thrice) (D:3)
  2 iguanas
  An orc wizard (D:3)
  9 adders
  7 gnolls
  A shadow imp (D:5)
  A white imp (D:5)
  An ufetubus (D:5)
  2 worms
  3 dart slugs (D:2)
  7 orcs
  7 ball pythons
  9 endoplasms
  A giant cockroach (D:1)
  9 hobgoblins
  7 kobolds
  3 quokkas
  8 bats
  4 frilled lizards
  4 goblins
  3 rats
101 creatures vanquished.

Vanquished Creatures (others)
  A giant cockroach (D:4)
1 creature vanquished.

Grand Total: 102 creatures vanquished

Notes
Turn   | Place    | Note
-------+----------+-------------------------------------------
     0 | D:1      | adizb the Tengu Fighter began the quest for the Orb.
     0 | D:1      | Reached XP level 1. HP: 14/14 MP: 2/2
   199 | D:1      | Found Holat's Weapon Shop.
   393 | D:1      | Reached XP level 2. HP: 19/19 MP: 3/3
  1032 | D:2      | Reached skill level 1 in Dodging
  1032 | D:2      | Reached XP level 3. HP: 23/23 MP: 4/4
  1460 | D:2      | Found a basalt altar of Yredelemnul.
  1488 | D:2      | Reached XP level 4. HP: 28/28 MP: 5/5
  1493 | D:2      | Found a faded altar of an unknown god.
  1689 | D:3      | Found a burning altar of Makhleb.
  1697 | D:3      | Found an opulent altar of Gozag.
  1879 | D:3      | Noticed Natasha
  1883 | D:3      | Killed Natasha
  1884 | D:3      | Gained mutation: Your magical nature lets you fly swiftly
                  | and evasively. [Tengu growth]
  1884 | D:3      | Reached XP level 5. HP: 24/32 MP: 6/6
  2088 | D:3      | Noticed Natasha
  2092 | D:3      | Killed Natasha
  2174 | D:3      | Found a bloodstained altar of Trog.
  2242 | D:3      | Noticed Natasha
  2247 | D:3      | Killed Natasha
  2452 | D:4      | Reached XP level 6. HP: 38/38 MP: 7/7
  2459 | D:4      | Found an iron altar of Okawaru.
  2490 | D:4      | Noticed a steam dragon
  2589 | D:4      | Found a hide-covered altar of Uskayaw.
  2799 | D:5      | Entered Level 5 of the Dungeon
  2903 | D:5      | Identified a scroll of acquirement
  2904 | D:5      | Acquired the +10 tower shield of Ignorance {rN+ Int-4}
  2904 | D:5      | Found the +10 tower shield of Ignorance {rN+ Int-4}
  2924 | D:5      | Noticed a black bear
  2929 | D:5      | Killed a black bear
  3165 | D:5      | Reached skill level 5 in Long Blades
  3165 | D:5      | Reached XP level 7. HP: 43/43 MP: 8/8
  3549 | D:4      | Reached skill level 5 in Shields
  3636 | D:4      | HP: 2/44 [steam dragon (6)]
  3638 | D:4      | Killed a steam dragon
  3639 | D:4      | Reached skill level 5 in Armour
  3639 | D:4      | Reached XP level 8. HP: 29/48 MP: 9/9
  3930 | D:6      | Noticed Maggie
  3953 | D:6      | Killed from afar by Maggie

Illustrated notes

Levels and vault maps discovered:
D:1:      saegor_arrival_simple_d, layout_basic, serial_shops, shop,
          grunt_decor_one_mirror, roderic_serpentine_path, st_stairs_4,
          minivault_26
D:2:      layout_basic, hellmonk_ecumenical_altar_leap_of_faith, basic_altar
D:3:      layout_basic, trog_three_pillars_becter,
          mainiacjoe_overflow_big_doors, uniq_natasha
D:4:      layout_rooms, okawaru_altar_gauntlet_db,
          eat_drink_and_be_merry_uskayaw, kennysheep_cluttered_room,
          minmay_bisected
D:5:      layout_basic
D:6:      layout_cave_pools, uniq_maggie, uniq_eustachio, uniq_menkaure

Skill      XL: |  1  2  3  4  5  6  7 |
---------------+----------------------+-----
Dodging        | 1 2 3 |  3.8
Long Blades    | 3 4 5 |  5.6
Armour         | 4 5 |  5.2
Shields        | 4 5 |  5.5
Fighting       | 4 |  4.6

Action                     |  1- 3 |  4- 6 |  7- 9 || total
---------------------------+-------+-------+-------++-------
  Melee: Long sword        |    63 |   128 |    87 ||   278
         Kick              |    16 |    44 |    33 ||    93
         Peck              |     5 |    21 |    22 ||    48
    Use: Scroll            |       |     6 |       ||     6
         Potion            |       |       |     2 ||     2
 Armour: Scale mail        |    14 |    49 |    13 ||    76
  Dodge: Dodged            |    28 |    52 |    23 ||   103
  Block: Buckler           |    15 |    23 |       ||    38
         Tower shield      |       |    18 |   113 ||   131
